 Dungeon Crawl Stone Soup version 0.31-a0-175-g9f7f995f2b (webtiles) character file.

Game seed: 6053977003701283281

13703 qw the Marksgargoyle (level 12, -9/77 HPs)
             Began as a Gargoyle Hunter on June 17, 2023.
             Was an Elder of Okawaru.
             Mangled by an ettin
             ... wielding a +0 dire flail
              (21 damage)
             ... on level 11 of the Dungeon.
             The game lasted 00:03:10 (7942 turns).

qw the Marksgargoyle (Gargoyle Hunter)              Turns: 7942, Time: 00:03:10

Health: -9/77      AC: 23    Str: 19    XL:     12   Next: 8%
Magic:  15/16      EV: 21    Int: 10    God:    Okawaru [****..]
Gold:   1505       SH:  5    Dex: 16    Spells: 11/11 levels left

rFire   . . .        a - +8 longbow of Zattomn {freeze, *Slow rPois rC+++}
rCold   + + +        (shield currently unavailable)
rNeg    + . .        r - +0 troll leather armour
rPois   inf          s - +0 helmet
rElec   +            k - +0 cloak
rCorr   .            (no gloves)
SInv    .            (no boots)
Will    .....        e - amulet of reflection
Stlth   +++          h - +4 ring of protection
HPRegen 1.12/turn    p - +5 ring of evasion
MPRegen 0.15/turn

%: slow self (1%), reflection
@: about to teleport, heroic
A: sickness immunity, AC +8, negative energy resistance 1, electricity
resistance, torment resistance 1, petrification resistance, iridescent scales 1,
strong 1
a: Renounce Religion, Heroism, Finesse


You were on level 11 of the Dungeon.
You worshipped Okawaru.
Okawaru was greatly pleased with you.
You visited 2 branches of the dungeon, and saw 12 of its levels.
You also visited: Ossuary.

You collected 1560 gold pieces.
You spent 55 gold pieces at shops.


Innate Abilities, Weirdness & Mutations

You are immune to sickness and miasma.
Your stone body is resilient. (AC +8)
You are immune to poison.
You resist negative energy. (rN+)
You are resistant to electric shocks. (rElec)
You are resistant to unholy torment.
You are immune to petrification.
You are partially covered in iridescent scales. (AC +2)
Your muscles are strong. (Str +4, Int/Dex -1)


   Skills:
 - Level 10.0(15.0) Fighting
 - Level 15.1(20.1) Ranged Weapons
 - Level 4.1(9.1) Armour
 + Level 4.0(9.0) Dodging
 - Level 1.1(6.1) Stealth
 + Level 6.6 Invocations


You had 11 spell levels left.
You didn't know any spells.
Your spell library was empty.

Inventory:

Hand Weapons
 a - the +8 longbow of Zattomn (weapon) {freeze, *Slow rPois rC+++}
   (You acquired it on level 1 of the Dungeon)

   rC:        It renders you almost immune to cold.
   rPois:     It protects you from poison.
   *Slow:     It may slow you when you take damage.
 u - a +3 orcbow
Armour
 k - a +0 cloak (worn)
 r - a +0 troll leather armour (worn)
 s - a +0 helmet (worn)
 t - +0 acid dragon scales
Jewellery
 e - an amulet of reflection (around neck)
 h - a +4 ring of protection (left hand)
 p - a +5 ring of evasion (right hand)
Wands
 d - a wand of digging (1)
Scrolls
 c - 7 scrolls of teleportation
 j - 3 scrolls of identify
 q - 4 scrolls of enchant weapon
Potions
 b - 3 potions of heal wounds
 g - 2 potions of attraction
 i - 2 potions of cancellation
 l - 5 potions of curing
 m - 2 potions of haste
 n - 7 potions of mutation
 o - 3 potions of might

Dungeon Overview and Level Annotations

Branches:
Dungeon (11/15)            Temple (1/1) D:6            Lair (0/5) D:11
    Orc (0/2) D:9         Ossuary (visited)

Altars:
Ashenzari
Cheibriados
Dithmenos
Elyvilon
Fedhas
Gozag
Hepliaklqana
Kikubaaqudgha
Makhleb
Nemelex Xobeh
Okawaru
Qazlal
Ru
Sif Muna
Trog
Uskayaw
Vehumet
Wu Jian
Xom
Yredelemnul
Zin
The Shining One

Shops:
D:3 *

Annotations:
D:5 1 runed translucent door, Crazy Yiuf


Message History

7931 ||| STILL FLEEEEING.
A slime creature comes into view.
The slime creature moves out of view.
7932 ||| STILL FLEEEEING.
The slime creature quivers.
7933 ||| FLEEEEING.
7934 ||| FLEEEEING.
You shoot an arrow. The arrow hits the slime creature!
The arrow freezes the slime creature.
The slime creature is lightly wounded.
The slime creature hits you but does no damage.
You shoot an arrow. The arrow hits the slime creature.
The arrow freezes the slime creature.
The slime creature is lightly wounded.
You shoot an arrow.
The arrow barely misses the slime creature.
The slime creature hits you but does no damage.
You shoot an arrow. The arrow hits the slime creature!
The arrow freezes the slime creature.
The slime creature is moderately wounded.
The slime creature misses you.
You shoot an arrow. The arrow hits the slime creature!!
The arrow freezes the slime creature.
The slime creature is severely wounded.
The slime creature completely misses you.
You shoot an arrow. The arrow hits the slime creature!
The arrow freezes the slime creature.
The slime creature is almost dead.
You shoot an arrow. The arrow hits the slime creature!!!
The arrow freezes the slime creature.
You kill the slime creature!
Okawaru accepts your kill. You block the ettin's attack.
The ettin hits you with a +0 dire flail!!
Your base Armour skill increases to level 4!
7942 ||| READING 8 scrolls of teleportation.
As you read the scroll of teleportation, it crumbles to dust.
You feel strangely unstable.
The ettin hits you with a +0 dire flail!!
You die...

...#########.# #...#............
.#.#............#...#............
.....#######....#...###+#########
.....# #....#................
##.#.# #...#................
...#.# #...#################
####.# ## #...................
#.# .# #................... #.#
###. #..@................ #.#
#).####.C................. ####.#
#.##c.#..........#.#.#.
.....##.C.)#....##########.#.#...
.##############..................
..........#......#########.#)#...
..###.###.#.##.#..########.#.#...
..###..##.#.##.#.........#.#.#...
####.....#####.#.#######...#...#.


You could see a yaktaur captain and an ettin.

Vanquished Creatures
  Erica (D:8)
  A boulder beetle (D:11)
  A death knight (D:11)
  3 two-headed ogres
  A cyclops (D:11)
  An elephant (D:11)
  A queen bee (D:9)
  2 trolls (D:9)
  A slime creature (D:11)
  Sigmund (D:2)
  A vampire (D:10)
  4 shadows
  2 wraiths
  A wyvern (D:10)
  3 yaks (D:8)
  4 vampire mosquitoes (D:11)
  An acid dragon (D:11)
  2 water moccasins
  2 sky beasts
  2 black bears (D:11)
  5 ogres
  An ice beast (D:7)
  7 centaurs
  A phantom (D:4)
  2 gnoll sergeants
  2 bullfrogs
  19 scorpions
  13 wights
  26 killer bees
  4 howler monkeys
  4 centaur zombies (Ossuary)
  An orc priest (D:9)
  5 jellies
  2 gnoll boudas
  A hound (D:4)
  Terence (D:3)
  2 sleepcaps
  5 iguanas
  5 scorpion zombies (Ossuary)
  4 orc wizards
  3 mummies (Ossuary)
  20 gnolls
  4 adders
  A white imp (D:6)
  An ufetubus (D:4)
  4 worms
  2 dart slugs
  16 orcs
  5 endoplasms
  14 goblins
  4 hobgoblins
  7 jackals
  3 quokkas
  6 ball pythons
  A bat (D:1)
  2 frilled lizards (D:1)
  2 gnoll zombies (Ossuary)
  6 hobgoblin zombies (Ossuary)
  8 kobolds
  2 kobold zombies (Ossuary)
  7 rats
263 creatures vanquished.

Notes
Turn   | Place    | Note
-------+----------+-------------------------------------------
     0 | D:1      | qw the Gargoyle Hunter began the quest for the Orb.
     0 | D:1      | Reached XP level 1. HP: 12/12 MP: 1/1
     0 | D:1      | 0 ||| qw: Version: 0.3-a-2-g5ab2908
     0 | D:1      | 0 ||| qw: Game counter: 111
     0 | D:1      | 0 ||| qw: Always use a shield: true
     0 | D:1      | 0 ||| qw: God list: Okawaru
     0 | D:1      | 0 ||| qw: Allow faded altars: false
     0 | D:1      | 0 ||| qw: Do Orc after D:15 true
     0 | D:1      | 0 ||| qw: Do second Lair branch before Depths: true
     0 | D:1      | 0 ||| qw: Lair rune preference: random
     0 | D:1      | 0 ||| qw: Plans: Normal, Zot:1-4, Slime:5, God:TSO, Crypt,
                  | Tomb, Abyss, Pan, Hells, Win
     0 | D:1      | 0 ||| PLANNING D:1-11
    30 | D:1      | Found a faded altar of an unknown god.
    46 | D:1      | Reached XP level 2. HP: 17/17 MP: 2/2
   621 | D:1      | 621 ||| UPGRADING to +0 ring mail.
   631 | D:1      | 631 ||| DROPPING +0 leather armour.
   632 | D:1      | 632 ||| UPGRADING to +4 ring of protection.
   633 | D:1      | 633 ||| READING scroll labelled ANEDOCL BEANEK.
   633 | D:1      | Identified a scroll of acquirement
   633 | D:1      | 633 ||| ACQUIRING +8 longbow of Zattomn {freeze, *Slow
                  | rPois rC+++}
   633 | D:1      | Acquired the +8 longbow of Zattomn {freeze, *Slow rPois
                  | rC+++}
   635 | D:1      | 635 ||| SWAPPING to +8 longbow of Zattomn {freeze, *Slow
                  | rPois rC+++}.
   636 | D:1      | 636 ||| READING scroll labelled VEIXZIELESU.
   637 | D:1      | 637 ||| READING scroll labelled YSCHUERGH NOFYRY.
   638 | D:1      | 638 ||| READING scroll labelled YMICOMIKA.
   639 | D:1      | 639 ||| READING 2 scrolls labelled BOFIGOLUGO.
   640 | D:1      | 640 ||| READING scroll labelled VIRRETWOEZ.
   641 | D:1      | 641 ||| READING 2 scrolls labelled UVYATR SANLO.
   642 | D:1      | 642 ||| READING scroll labelled JEMMUOMEZO.
   647 | D:1      | 647 ||| READING scroll labelled MADADGH QUSMEI.
   648 | D:1      | 648 ||| DRINKING 2 sedimented purple potions.
   649 | D:1      | 649 ||| DROPPING scroll of butterflies.
   650 | D:1      | 650 ||| DROPPING scroll of amnesia.
   758 | D:2      | Reached skill level 1 in Armour
   771 | D:2      | Reached XP level 3. HP: 21/21 MP: 3/3
   914 | D:2      | Reached skill level 5 in Ranged Weapons
   972 | D:2      | Noticed Sigmund
   982 | D:2      | Killed Sigmund
   983 | D:2      | Reached XP level 4. HP: 23/31 MP: 4/4
   983 | D:2      | Reached XP level 5. HP: 26/35 MP: 5/5
  1440 | D:2      | 1440 ||| UPGRADING to +4 ring mail.
  1450 | D:2      | 1450 ||| DROPPING +0 ring mail.
  1451 | D:2      | 1451 ||| READING scroll labelled QUHUEL NEOGEYBOPLI.
  1452 | D:2      | 1452 ||| READING scroll labelled LUIR VAOCVIB.
  1477 | D:2      | 1477 ||| READING scroll labelled VEGGUI HEONG.
  1478 | D:2      | 1478 ||| DRINKING 2 inky potions.
  1479 | D:2      | 1479 ||| DRINKING 3 glowing coppery potions.
  1479 | D:2      | Gained mutation: Your muscles are strong. (Str +4, Int/Dex
                  | -1) [potion of mutation]
  1479 | D:2      | Gained mutation: You are partially covered in iridescent
                  | scales. (AC +2) [potion of mutation]
  1629 | D:3      | Noticed a sky beast
  1631 | D:3      | Reached XP level 6. HP: 40/40 MP: 6/6
  1633 | D:3      | Killed a sky beast
  1634 | D:3      | Found a stormy altar of Qazlal.
  1672 | D:3      | Found a sparkling altar of Nemelex Xobeh.
  1782 | D:3      | Noticed Terence
  1785 | D:3      | Killed Terence
  1786 | D:3      | Reached skill level 6 in Ranged Weapons
  2033 | D:3      | Found Eggekke's Assorted Antiques.
  2040 | D:3      | 2040 ||| SHOPLISTING crooked glass wand (116 gold, have
                  | 64).
  2040 | D:3      | 2040 ||| BUYING purple potion (26 gold).
  2040 | D:3      | Bought a purple potion for 26 gold pieces
  2040 | D:3      | 2040 ||| BUYING scroll labelled DEWNUTS ROWKU (29 gold).
  2040 | D:3      | Bought a scroll labelled DEWNUTS ROWKU for 29 gold pieces
  2040 | D:3      | 2040 ||| SHOPLISTING scroll labelled GYLUID BUMI (29 gold,
                  | have 9).
  2040 | D:3      | 2040 ||| SHOPLISTING scroll of brand weapon (275 gold, have
                  | 9).
  2040 | D:3      | 2040 ||| SHOPLISTING scroll of identify (58 gold, have 9).
  2106 | D:3      | 2106 ||| READING scroll labelled GYLUID BUMI.
  2107 | D:3      | 2107 ||| READING scroll labelled DEWNUTS ROWKU.
  2208 | D:3      | 2208 ||| DRINKING 2 purple potions.
  2209 | D:3      | 2209 ||| READING 3 scrolls of identify.
  2209 | D:3      | 2209 ||| IDENTIFYING pink potion
  2210 | D:3      | 2210 ||| READING 2 scrolls of identify.
  2210 | D:3      | 2210 ||| IDENTIFYING bubbling coppery potion
  2211 | D:3      | 2211 ||| DROPPING potion of ambrosia.
  2212 | D:3      | 2212 ||| DROPPING potion of brilliance.
  2264 | D:4      | Identified the +7 chain mail "Koav" {rElec Will+}
  2368 | D:4      | Reached XP level 7. HP: 44/44 MP: 7/7
  2449 | D:4      | Reached skill level 7 in Ranged Weapons
  2716 | D:4      | 2716 ||| READING 3 scrolls of identify.
  2716 | D:4      | 2716 ||| IDENTIFYING ruby potion
  2717 | D:4      | 2717 ||| DROPPING potion of degeneration.
  2726 | D:5      | Entered Level 5 of the Dungeon
  2726 | D:5      | Found a sand-covered staircase.
  2727 | D:5      | 2727 ||| PLANNING OSSUARY
  2727 | D:5      | 2727 ||| STAIRDANCE
  2731 | D:5      | 2731 ||| STAIRDANCE
  2737 | D:5      | 2737 ||| STAIRDANCE
  2740 | D:4      | Reached skill level 8 in Ranged Weapons
  2794 | D:5      | 2794 ||| STAIRDANCE
  2800 | D:4      | Reached XP level 8. HP: 49/49 MP: 8/8
  2810 | D:5      | 2810 ||| Stepping ~*~*~tactically~*~*~ (outnumbered).
  2812 | D:5      | 2812 ||| Stepping ~*~*~tactically~*~*~ (outnumbered).
  2813 | D:5      | 2813 ||| Stepping ~*~*~tactically~*~*~ (outnumbered).
  2814 | D:5      | 2814 ||| Stepping ~*~*~tactically~*~*~ (outnumbered).
  2814 | D:5      | Noticed a +0 short sword
  2816 | D:5      | Noticed a +0 dagger
  2817 | D:5      | Noticed a +0 falchion
  2828 | D:5      | Reached skill level 9 in Ranged Weapons
  2945 | Ossuary  | Entered an ossuary
  3000 | Ossuary  | Reached skill level 6 in Fighting
  3062 | Ossuary  | 3062 ||| READING 2 scrolls of identify.
  3062 | Ossuary  | 3062 ||| IDENTIFYING fuming clear potion
  3104 | Ossuary  | Reached skill level 10 in Ranged Weapons
  3108 | Ossuary  | Reached XP level 9. HP: 56/56 MP: 9/9
  3195 | Ossuary  | 3195 ||| DRINKING 4 dark potions.
  3299 | Ossuary  | 3299 ||| DROPPING 3 potions of berserk rage.
  3348 | D:5      | 3348 ||| PLANNING D:1-11
  3352 | D:5      | Noticed a +0 spear
  3356 | D:5      | Noticed a +0 falchion
  3356 | D:5      | Noticed a +0 spear
  3368 | D:5      | Noticed a +0 dagger
  3369 | D:5      | Noticed a +0 short sword
  3424 | D:5      | Found a runed translucent door.
  3425 | D:5      | Noticed Crazy Yiuf
  3455 | D:5      | Found a hide-covered altar of Uskayaw.
  3747 | D:5      | 3747 ||| READING scroll labelled IQAIXE YNIM.
  3748 | D:5      | 3748 ||| READING 2 scrolls of identify.
  3748 | D:5      | 3748 ||| IDENTIFYING fuming ruby potion
  3857 | D:6      | 3857 ||| DROPPING +0 shortbow.
  3915 | D:6      | Found a staircase to the Ecumenical Temple.
  3916 | D:6      | 3916 ||| PLANNING TEMPLE
  3922 | Temple   | Entered the Ecumenical Temple
  3948 | Temple   | 3948 ||| PLANNING D:1-11
  4019 | D:6      | Found a sacrificial altar of Ru.
  4019 | D:6      | Found a white marble altar of Elyvilon.
  4020 | D:6      | Found an ornate altar of the Wu Jian Council.
  4033 | D:6      | Reached skill level 11 in Ranged Weapons
  4073 | D:6      | Found a snail-covered altar of Cheibriados.
  4144 | D:6      | Reached skill level 3 in Dodging
  4188 | D:6      | 4188 ||| UPGRADING to +0 cloak.
  4193 | D:6      | 4193 ||| UPGRADING to amulet of reflection.
  4223 | D:7      | 4223 ||| STAIRDANCE
  4327 | D:7      | 4327 ||| STAIRDANCE
  4334 | D:7      | 4334 ||| STAIRDANCE
  4338 | D:6      | Reached skill level 3 in Armour
  4627 | D:7      | Found a bloodstained altar of Trog.
  4833 | D:7      | Reached XP level 10. HP: 64/64 MP: 10/10
  4993 | D:7      | 4993 ||| READING 2 scrolls of identify.
  4993 | D:7      | 4993 ||| IDENTIFYING sapphire potion
  5057 | D:8      | Reached skill level 12 in Ranged Weapons
  5085 | D:8      | Found an iron altar of Okawaru.
  5086 | D:8      | 5086 ||| PLANNING OKAWARU WORSHIP
  5086 | D:8      | 5086 ||| UPGRADING to +5 ring of evasion.
  5089 | D:8      | Became a worshipper of Warmaster Okawaru
  5090 | D:8      | 5090 ||| PLANNING D:1-11
  5105 | D:8      | Noticed Erica
  5111 | D:8      | Killed Erica
  5163 | D:8      | Reached * piety under Okawaru
  5165 | D:8      | Reached skill level 13 in Ranged Weapons
  5171 | D:8      | 5171 ||| DRINKING 6 potions of curing.
  5171 | D:8      | 5171 ||| (to cure confusion)
  5202 | D:8      | Found a glowing golden altar of the Shining One.
  5291 | D:8      | Found a burning altar of Makhleb.
  5322 | D:8      | Reached skill level 1 in Invocations
  5494 | D:8      | 5494 ||| READING scroll of acquirement.
  5494 | D:8      | 5494 ||| ACQUIRING 1008 gold pieces
  5494 | D:8      | Acquired 1008 gold pieces
  5505 | D:8      | 5505 ||| READING scroll labelled RYMENA CEUCLA.
  5531 | D:9      | 5531 ||| Stepping ~*~*~tactically~*~*~ (outnumbered).
  5533 | D:9      | 5533 ||| Stepping ~*~*~tactically~*~*~ (outnumbered).
  5536 | D:9      | 5536 ||| Stepping ~*~*~tactically~*~*~ (outnumbered).
  5560 | D:9      | 5560 ||| INVOKING Heroism.
  5563 | D:9      | Reached skill level 3 in Invocations
  5636 | D:9      | Found an ancient bone altar of Kikubaaqudgha.
  5666 | D:9      | Reached ** piety under Okawaru
  5667 | D:9      | Reached skill level 9 in Fighting
  5679 | D:9      | 5679 ||| INVOKING Heroism.
  5730 | D:9      | 5730 ||| Stepping ~*~*~tactically~*~*~ (outnumbered).
  5739 | D:9      | 5739 ||| INVOKING Heroism.
  5952 | D:9      | Found an opulent altar of Gozag.
  6063 | D:9      | Reached XP level 11. HP: 71/71 MP: 14/14
  6105 | D:9      | Found a staircase to the Orcish Mines.
  6141 | D:9      | Found a shadowy altar of Dithmenos.
  6264 | D:9      | Noticed a two-headed ogre
  6265 | D:9      | 6265 ||| INVOKING Heroism.
  6268 | D:9      | Killed a two-headed ogre
  6269 | D:9      | Reached skill level 14 in Ranged Weapons
  6416 | D:9      | 6416 ||| INVOKING Heroism.
  6456 | D:9      | Reached *** piety under Okawaru
  6490 | D:9      | 6490 ||| UPGRADING to +0 troll leather armour.
  6500 | D:9      | 6500 ||| DROPPING +4 ring mail.
  6501 | D:9      | 6501 ||| UPGRADING to +0 helmet.
  6536 | D:10     | Entered Level 10 of the Dungeon
  6567 | D:10     | Found a radiant altar of Vehumet.
  6571 | D:10     | Noticed a two-headed ogre
  6572 | D:10     | 6572 ||| INVOKING Heroism.
  6579 | D:10     | Killed a two-headed ogre
  6587 | D:10     | Found a flagged portal.
  6854 | D:10     | Reached **** piety under Okawaru
  7188 | D:10     | 7188 ||| DROPPING scarf of shadows.
  7274 | D:11     | Noticed a two-headed ogre
  7275 | D:11     | 7275 ||| INVOKING Heroism.
  7278 | D:11     | Killed a two-headed ogre
  7418 | D:11     | Noticed a boulder beetle
  7419 | D:11     | 7419 ||| INVOKING Heroism.
  7429 | D:11     | Killed a boulder beetle
  7484 | D:11     | Identified the staff of death "Cyizisch" {*Slow rN+ Will+++
                  | MP-9 Int+7}
  7629 | D:11     | 7629 ||| INVOKING Heroism.
  7662 | D:11     | Found a staircase to the Lair.
  7662 | D:11     | Noticed a cyclops
  7663 | D:11     | 7663 ||| INVOKING Heroism.
  7664 | D:11     | Killed a cyclops
  7665 | D:11     | Reached skill level 6 in Invocations
  7665 | D:11     | Reached XP level 12. HP: 77/77 MP: 13/16
  7803 | D:11     | 7803 ||| DROPPING +0 orcbow.
  7920 | D:11     | Noticed a yaktaur captain
  7921 | D:11     | Noticed a death knight
  7921 | D:11     | Noticed an ettin
  7928 | D:11     | 7928 ||| INVOKING Heroism.
  7929 | D:11     | Killed a death knight
  7930 | D:11     | Reached skill level 15 in Ranged Weapons
  7930 | D:11     | 7930 ||| FLEEEEING.
  7933 | D:11     | 7933 ||| FLEEEEING.
  7934 | D:11     | 7934 ||| FLEEEEING.
  7941 | D:11     | HP: 11/77 [ettin/+0 dire flail (21)]
  7942 | D:11     | 7942 ||| READING 8 scrolls of teleportation.
  7942 | D:11     | Mangled by an ettin

Levels and vault maps discovered:
D:1:      scummos_arrival_forest, layout_basic,
          ebering_ecumenical_altar_petrified
D:2:      layout_loops_ring, bh_walls_and_bars, uniq_sigmund
D:3:      layout_loops_ring, nicolae_qazlal_beasts_of_the_sky,
          mainiacjoe_overflow_brackets, serial_shops,
          nicolae_shop_advertising_works [nicolae_subvault_shop_adworks],
          uniq_terence
D:4:      layout_cave_pools
D:5:      layout_rooms, nicolae_uskayaw_en_pointe, nicolae_ossuary_entry_ruins,
          uniq_crazy_yiuf_cottage
D:6:      layout_basic, mainiacjoe_overflow_catwalk,
          chequers_temple_overflow_statue_of_worship,
          minmay_temple_entry_slanted, feat_on_display
D:7:      layout_basic, trog_antimagical
D:8:      layout_rooms, nicolae_tso_carved_into_rock,
          mainiacjoe_overflow_cross_hatched, kennysheep_mini_moat, uniq_erica
D:9:      layout_loops_ring, grunt_gozag_breadcrumbs,
          mainiacjoe_overflow_tiny_flanked, mainiacjoe_overflow_alcove_1,
          orc_0_dummy, special_room [special_room_bee], st_stairs_11,
          hangedman_abyss_or_decor_stagger, minmay_misc_feat_room,
          chequers_serial_rivers_micro_e
D:10:     layout_loops_ring, lemuel_tele_altar, enter_bailey_2,
          kennysheep_doodads
D:11:     minmay_mutant_horseshoe, layout_basic, david_lair_generic
Temple:   nicolae_temple_little_seven

Skill      XL: |  1  2  3  4  5  6  7  8  9 10 11 12 |
---------------+-------------------------------------+-----
Armour         | 1 2 3 4 |  4.1
Ranged Weapons | 5 6 8 10 11 13 14 15 | 15.1
Fighting       | 5 6 8 9 10 | 10.0
Dodging        | 2 3 4 |  4.0
Invocations    | 4 6 |  6.6
Stealth        | |  1.1

Action                     |  1- 3 |  4- 6 |  7- 9 | 10-12 || total
---------------------------+-------+-------+-------+-------++-------
   Fire: Shortbow          |    21 |       |       |       ||    21
         Longbow           |    39 |    61 |   194 |   281 ||   575
 Invoke: Heroism           |       |       |       |    11 ||    11
    Use: Scroll            |     9 |     7 |     4 |     4 ||    24
         Potion            |     1 |     3 |     1 |     1 ||     6
 Armour: Ring mail         |     8 |    15 |    73 |    34 ||   130
         Troll leather arm |       |       |       |    10 ||    10
  Dodge: Dodged            |    10 |    22 |    64 |   126 ||   222
  Block: Other             |       |       |     2 |    37 ||    39
         Reflection        |       |       |       |     4 ||     4

Table legend:
 A = Non-vault XP
 B = Vault XP
 C = Vault XP percentage of total XP
 D = Non-vault monster count
 E = Vault monster count
 F = Vault count percentage of total count
                 A         B        C        D         E       F
            +---------+---------+-------+---------+---------+-------
      Total |   12947 |    6629 |  33.9 |     196 |      67 |  25.5
            +---------+---------+-------+---------+---------+-------
        D:1 |      19 |       0 |   0.0 |      11 |       0 |   0.0
        D:2 |      56 |     231 |  80.5 |      26 |       1 |   3.7
        D:3 |      31 |     170 |  84.6 |      13 |       2 |  13.3
        D:4 |     702 |       0 |   0.0 |      32 |       0 |   0.0
        D:5 |     481 |       0 |   0.0 |      14 |       0 |   0.0
        D:6 |     686 |       0 |   0.0 |      16 |       0 |   0.0
        D:7 |     700 |     370 |  34.6 |      11 |       3 |  21.4
        D:8 |    1515 |     852 |  36.0 |      22 |       1 |   4.3
        D:9 |    2848 |    1837 |  39.2 |      25 |      22 |  46.8
       D:10 |    2285 |       0 |   0.0 |      15 |       0 |   0.0
       D:11 |    3624 |    1820 |  33.4 |      11 |       5 |  31.2
    Ossuary |       0 |    1349 | 100.0 |       0 |      33 | 100.0
            +---------+---------+-------+---------+---------+-------
